 Dungeon Crawl Stone Soup version 0.30-a0-830-gfe289a77b0 (webtiles) character file.

Game seed: 2935048167114496016

16388 Nacht the Destroyer (level 12, -3/74 HPs)
             Began as a Demonspawn Earth Elementalist on Feb 28, 2023.
             Was an Elder of Vehumet.
             Slain by a reaper
             ... wielding a +1 scythe of freezing
              (4 damage)
             ... in an ice cave.
             The game lasted 00:18:48 (11956 turns).

Nacht the Destroyer (DsEE)                         Turns: 11956, Time: 00:18:48

Health: -3/74      AC: 15    Str:  9    XL:     12   Next: 9%
Magic:  11/24      EV: 17    Int: 21    God:    Vehumet [****..]
Gold:   744        SH:  0    Dex: 14    Spells: 12/28 levels left

rFire   + + .      SeeInvis .    R - staff of fire
rCold   . . .      Faith    .    (no shield)
rNeg    + . .      Spirit   .    v - +2 robe {rN+}
rPois   .          Reflect  .    c - +1 helmet
rElec   .          Harm     .    J - +2 cloak
rCorr   .          Rampage  .    (no gloves)
Will    .....                    O - +1 pair of boots of Yloseh {rF+}
Stlth   ++                       (no amulet)
HPRegen 0.32/turn                y - +5 ring of evasion
MPRegen 0.38/turn                n - +4 ring of protection

@: no status effects
A: claws 2, foul stench 1, magic regeneration, sturdy frame 2
a: Renounce Religion


You were in an ice cave.
You worshipped Vehumet.
Vehumet was greatly pleased with you.
You visited 2 branches of the dungeon, and saw 12 of its levels.
You also visited: Bailey and Ice Cave.

You collected 744 gold pieces.

Inventory:

Missiles
 l - 29 poisoned darts
 M - 2 throwing nets (quivered)
Armour
 c - a +1 helmet (worn)
 v - a +2 robe of positive energy (worn)
 J - a +2 cloak (worn)
 O - the +1 pair of boots of Yloseh (worn) {rF+}
   (You found it on level 9 of the Dungeon)

   rF:        It protects you from fire.
Magical Staves
 e - a staff of air
 R - a staff of fire (weapon)
Jewellery
 a - a ring of fire
 f - a ring of poison resistance
 n - a +4 ring of protection (right claw)
 y - a +5 ring of evasion (left claw)
 B - a ring of wizardry
 C - a ring of see invisible
Wands
 I - a wand of roots (13)
 L - a wand of charming (4)
 P - a wand of flame (8)
 Q - a wand of polymorph (10)
Scrolls
 b - 2 scrolls of enchant armour
 g - 3 scrolls of magic mapping
 i - a scroll of amnesia {unknown}
 m - 2 scrolls of teleportation
 o - 5 scrolls of blinking
 s - 2 scrolls of brand weapon {unknown}
 t - 3 scrolls of enchant weapon {unknown}
 x - a scroll of silence {unknown}
 z - a scroll of acquirement {unknown}
 D - a scroll of butterflies {unknown}
 E - 2 scrolls of immolation {unknown}
 F - a scroll of vulnerability
 G - 3 scrolls of fear {unknown}
 H - 2 scrolls of fog
 K - a scroll of poison {unknown}
 S - a scroll of identify
 T - a scroll of noise {unknown}
Potions
 d - 5 potions of heal wounds
 h - 2 potions of attraction {unknown}
 j - 5 potions of ambrosia {unknown}
 k - 2 potions of might
 p - 3 potions of brilliance {unknown}
 q - a potion of cancellation {unknown}
 r - 5 potions of lignification {unknown}
 u - 2 potions of mutation {unknown}
 w - a potion of flight
 A - a potion of curing
 N - a potion of magic


   Skills:
 - Level 1.7 Dodging
 - Level 1.7 Stealth
 + Level 8.5 Spellcasting
 + Level 10.5 Conjurations
 - Level 0.8 Transmutations
 + Level 10.4 Fire Magic
 + Level 9.4 Earth Magic


You had 12 spell levels left.
You knew the following spells:

 Your Spells              Type           Power      Damage    Failure   Level
a - Sandblast             Erth           96%        2d20      1%          1
b - Stone Arrow           Conj/Erth      100%       3d13      1%          3
c - Fireball              Conj/Fire      34%        3d14      1%          5
d - Lee's Rapid Deconstr  Erth           24%        3d13*     1%          5
w - Passwall              Tmut/Erth      25%        N/A       1%          2

Your spell library contained the following spells:

 Spells                   Type           Power      Damage    Failure   Level
 Foxfire                  Conj/Fire      100%       2x1d9     1%          1
 Ignite Poison            Fire/Tmut/Pois 37%        N/A       1%          3
 Kindle Blastsparks       Fire/Tloc/Air  70%        2d15      1%          3
 Starburst                Conj/Fire      34%        6d10      4%          6
 Beastly Appendage        Tmut           24%        N/A       5%          1
 Irradiate                Conj/Tmut      16%        3d17      5%          5
 Necrotise                Necr           32%        1d5       8%          1
 Summon Small Mammal      Summ           32%        N/A       8%          1
 Wereblood                Tmut           12%        N/A       9%          2
 Petrify                  Tmut/Erth      30%        N/A       9%          4
 Ensorcelled Hibernation  Hex/Ice        16%        N/A       12%         2
 Freezing Cloud           Conj/Ice/Air   11%        6-21      13%         5
 Spider Form              Tmut/Pois      10%        N/A       19%         3
 Call Canine Familiar     Summ           8%         N/A       22%         3
 Summon Guardian Golem    Hex/Summ       8%         N/A       22%         3
 Vampiric Draining        Necr           8%         2d6       22%         3
 Anguish                  Hex/Necr       4%         N/A       58%         4
 Blade Hands              Tmut           6%         N/A       83%         5
 Agony                    Necr           8%         N/A       91%         5
 Dragon Form              Tmut           6%         N/A       100%        7


Dungeon Overview and Level Annotations

Branches:
Dungeon (11/15)            Temple (1/1) D:7             Orc (0/2) D:9
 Bailey (visited)           IceCv (1/1)
   Lair: D:8-11

Altars:
Ashenzari
Cheibriados
Dithmenos
Fedhas
Gozag
Hepliaklqana
Kikubaaqudgha
Makhleb
Nemelex Xobeh
Okawaru
Qazlal
Ru
Sif Muna
Trog
Uskayaw
Vehumet
Wu Jian
Xom
Yredelemnul

Shops:
D:7 [:


Innate Abilities, Weirdness & Mutations

You have very sharp fingernails.
You may rarely emit foul miasma when damaged in melee.
You regenerate magic rapidly.
Your movements are less encumbered by armour. (ER -4)


Message History

Aim: a reaper, wielding a +1 scythe of freezing (asleep, 100% to hit)
The stone arrow hits the reaper!
The reaper is moderately wounded.
Casting: Stone Arrow (safe; 1% risk of failure)
Confirm with . or Enter, or press ? or * to list all spells.
Aiming: Stone Arrow (safe; 1% risk of failure)
Press: ? - help, Shift-Dir - straight line, f/p - reaper
Aim: a reaper, wielding a +1 scythe of freezing (moderately wounded, 78% to hit)
The stone arrow hits the reaper!
The reaper is moderately wounded.
The reaper hits you from afar with a +1 scythe of freezing!
The reaper freezes you.
Casting: Stone Arrow (safe; 1% risk of failure)
Confirm with . or Enter, or press ? or * to list all spells.
Aiming: Stone Arrow (safe; 1% risk of failure)
Press: ? - help, Shift-Dir - straight line, f/p - reaper
Aim: a reaper, wielding a +1 scythe of freezing (moderately wounded, 78% to hit)
The stone arrow hits the reaper!
The reaper is moderately wounded.
The reaper misses you.
Casting: Stone Arrow (safe; 1% risk of failure)
Confirm with . or Enter, or press ? or * to list all spells.
Aiming: Stone Arrow (safe; 1% risk of failure)
Press: ? - help, Shift-Dir - straight line, f/p - reaper
Aim: a reaper, wielding a +1 scythe of freezing (moderately wounded, 78% to hit)
The stone arrow hits the reaper!!
The reaper is severely wounded.
The reaper hits you from afar with a +1 scythe of freezing!!
The reaper freezes you.
Casting: Stone Arrow (safe; 1% risk of failure)
Confirm with . or Enter, or press ? or * to list all spells.
Aiming: Stone Arrow (safe; 1% risk of failure)
Press: ? - help, Shift-Dir - straight line, f/p - reaper
Aim: a reaper, wielding a +1 scythe of freezing (severely wounded, 78% to hit)
The stone arrow hits the reaper but does no damage.
The reaper is severely wounded.
The reaper hits you from afar with a +1 scythe of freezing!!
* * * LOW HITPOINT WARNING * * *
The reaper freezes you.
You die...

### ####⌠####
#...@...#
#.##'##.# #
[2:#.#
#.⌠?#.#
#[.:#.##
.#####.8####
............#
####'######'#
+.......' #.#


You could see a reaper.

Vanquished Creatures
  Harold (D:9)
  Erica (D:8)
  A boulder beetle (D:11)
  Pikel (D:5)
  A deep elf pyromancer (D:11)
  Joseph (D:8)
  Maurice (D:8)
  Maggie (D:7)
  2 ice statues (IceCv)
  5 ice devils (IceCv)
  A freezing wraith (IceCv)
  An anaconda simulacrum (IceCv)
  Prince Ribbit (D:7)
  A hornet (D:8)
  3 yaks (D:10)
  A wyvern (D:8)
  A steam dragon (D:9)
  A death yak simulacrum (IceCv)
  4 harpy simulacra (IceCv)
  An acid dragon (D:10)
  3 water moccasins
  3 hydra simulacra (IceCv)
  4 black bears
  11 orc warriors
  A sky beast (D:6)
  5 centaurs
  An ogre (D:6)
  A lemure (D:5)
  A kobold brigand (D:8)
  2 bullfrogs
  A necrophage (D:7)
  8 scorpions
  5 wights
  4 killer bees (D:10)
  An electric eel (D:9)
  5 howler monkeys
  3 jellies
  A hound (D:6)
  9 orc priests
  2 iguanas
  11 orc wizards
  2 spriggan simulacra (D:11)
  2 troll simulacra
  A polar bear simulacrum (IceCv)
  2 gnolls (Bailey)
  A naga simulacrum (IceCv)
  9 adders
  A shadow imp (D:5)
  2 ufetubi
  2 worms
  6 dart slugs
  58 orcs
  7 bats
  10 endoplasms
  4 giant cockroaches
  15 goblins
  3 hobgoblins
  10 jackals
  7 quokkas
  7 ball pythons
  4 frilled lizards
  25 kobolds
  5 rats
295 creatures vanquished.

Vanquished Creatures (others)
  5 fungi (D:5)
  10 plants
15 creatures vanquished.

Grand Total: 310 creatures vanquished

Notes
Turn   | Place    | Note
-------+----------+-------------------------------------------
     0 | D:1      | Nacht the Demonspawn Earth Elementalist began the quest for
                  | the Orb.
     0 | D:1      | Reached XP level 1. HP: 13/13 MP: 3/3
   203 | D:1      | Gained mutation: You have sharp fingernails. [demonic
                  | ancestry]
   203 | D:1      | Reached XP level 2. HP: 19/19 MP: 1/5
   756 | D:1      | Gained mutation: You have very sharp fingernails. [demonic
                  | ancestry]
   756 | D:1      | Reached XP level 3. HP: 24/24 MP: 1/6
  1452 | D:2      | Learned a level 2 spell: Passwall
  1456 | D:2      | Learned a level 3 spell: Stone Arrow
  1742 | D:2      | Reached XP level 4. HP: 30/30 MP: 5/7
  1965 | D:2      | Identified the +6 scale mail of Twilight {-Tele Regen+
                  | rCorr}
  2090 | D:3      | Reached skill level 1 in Conjurations
  2858 | D:3      | Reached XP level 5. HP: 35/35 MP: 4/8
  4082 | D:4      | Noticed a black bear
  4089 | D:4      | Killed a black bear
  4090 | D:4      | Reached skill level 5 in Earth Magic
  4090 | D:4      | Gained mutation: You regenerate magic rapidly. [demonic
                  | ancestry]
  4090 | D:4      | Reached XP level 6. HP: 40/41 MP: 5/10
  4344 | D:5      | Entered Level 5 of the Dungeon
  4420 | D:5      | Found an iron altar of Okawaru.
  4478 | D:5      | Gained mutation: You may rarely emit foul miasma when
                  | damaged in melee. [demonic ancestry]
  4478 | D:5      | Reached XP level 7. HP: 45/46 MP: 8/12
  4678 | D:5      | Found an ancient bone altar of Kikubaaqudgha.
  4694 | D:5      | Reached skill level 5 in Conjurations
  4696 | D:5      | Noticed Pikel
  4900 | D:5      | HP: 1/46 [lemure[Pikel] (4)]
  4900 | D:5      | Killed Pikel
  4901 | D:5      | Gained mutation: Your movements are slightly less
                  | encumbered by armour. (ER -2) [demonic ancestry]
  4901 | D:5      | Reached XP level 8. HP: 2/52 MP: 1/14
  5147 | D:5      | Found an ornate altar of the Wu Jian Council.
  5786 | D:6      | Reached skill level 5 in Spellcasting
  6081 | D:6      | Reached XP level 9. HP: 57/57 MP: 10/17
  6241 | D:6      | Identified the +3 spear "Wenn" {antimagic, rElec rPois rC-
                  | rN+++}
  6409 | D:7      | Noticed Prince Ribbit
  6411 | D:7      | Killed Prince Ribbit
  6415 | D:7      | Found Quredd's Tremendous Tomes.
  6507 | D:7      | Noticed Maggie
  6517 | D:7      | Killed Maggie
  6653 | D:7      | Found a staircase to the Ecumenical Temple.
  6664 | D:7      | Found Pumoc's Armour Shoppe.
  6666 | Temple   | Entered the Ecumenical Temple
  6728 | Temple   | Became a worshipper of Vehumet
  6835 | D:7      | Found a hazy altar of Hepliaklqana.
  6835 | D:7      | Found an opulent altar of Gozag.
  6940 | D:7      | Found a flagged portal.
  6955 | Bailey   | Entered a bailey
  6985 | Bailey   | Noticed an orc warlord
  7245 | Bailey   | Found a runed translucent gate.
  7245 | Bailey   | Found a runed translucent gate.
  7245 | Bailey   | Found a runed translucent gate.
  7251 | Bailey   | Reached * piety under Vehumet
  7251 | Bailey   | Offered knowledge of Shock by Vehumet.
  7674 | D:7      | Learned a level 5 spell: Fireball
  7674 | D:7      | Reached XP level 10. HP: 63/63 MP: 20/20
  8000 | D:8      | Gained mutation: Your movements are less encumbered by
                  | armour. (ER -4) [demonic ancestry]
  8000 | D:8      | Reached XP level 11. HP: 64/68 MP: 14/21
  8001 | D:8      | Noticed Joseph
  8007 | D:8      | Killed Joseph
  8081 | D:8      | Found a runed translucent door.
  8120 | D:8      | Found a shadowy altar of Dithmenos.
  8349 | D:8      | Noticed Maurice
  8357 | D:8      | Killed Maurice
  8444 | D:8      | Noticed Erica
  8449 | D:8      | Killed Erica
  8575 | D:8      | Reached ** piety under Vehumet
  8823 | D:8      | Offered knowledge of Scorch by Vehumet.
  9058 | D:9      | Offered knowledge of Inner Flame by Vehumet.
  9080 | D:9      | Reached *** piety under Vehumet
  9355 | D:9      | Found a staircase to the Orcish Mines.
  9384 | D:9      | Noticed Harold
  9428 | D:9      | Killed Harold
  9430 | D:9      | Offered knowledge of Ignite Poison by Vehumet.
  9648 | D:9      | Identified the +1 pair of boots of Yloseh {rF+}
  9925 | D:9      | Found a burning altar of Makhleb.
  9925 | D:9      | Noticed a cacodemon
 10149 | D:10     | Entered Level 10 of the Dungeon
 10553 | D:10     | Identified the +1 ring mail of the Wilderness {rF+ Regen+
                  | Dex+2}
 10666 | D:10     | Identified the +2 shortbow of the Fulmar {heavy, rN+}
 10872 | D:11     | Found a frozen archway.
 10874 | D:11     | Reached skill level 10 in Conjurations
 10886 | D:11     | Noticed a boulder beetle
 10934 | D:11     | Killed a boulder beetle
 10935 | D:11     | Reached skill level 10 in Fire Magic
 11013 | D:11     | Noticed a deep elf pyromancer
 11016 | D:11     | Killed a deep elf pyromancer
 11036 | IceCv    | Entered an ice cave
 11619 | IceCv    | Reached **** piety under Vehumet
 11685 | IceCv    | Reached XP level 12. HP: 46/74 MP: 3/24
 11919 | IceCv    | Offered knowledge of Lee's Rapid Deconstruction by Vehumet.
 11926 | IceCv    | Learned a level 5 spell: Lee's Rapid Deconstruction
 11951 | IceCv    | Noticed a reaper
 11956 | IceCv    | HP: 1/74 [reaper/+1 scythe of freezing (27)]
 11956 | IceCv    | Slain by a reaper

Illustrated notes

Levels and vault maps discovered:
D:1:      dpeg_arrival_pits, layout_loops_corners
D:2:      layout_basic
D:3:      layout_loops_corners, serial_forest, infiniplex_forest_lined_1,
          infiniplex_forest_clump_cross, infiniplex_forest_clump_curved,
          infiniplex_forest_zigzag_1, infiniplex_forest_lined_2,
          infiniplex_forest_side_room, columned_hall_lemuel
D:4:      layout_gridville
D:5:      old_forge, layout_cave_pools, kennysheep_okawaru_gauntlet,
          old_standard_altar, hangedman_feature_mirror, uniq_pikel
D:6:      layout_loops_ring
D:7:      layout_rooms, chequers_temple_overflow_statue_of_worship,
          minmay_temple_entry_glass, serial_shops, shop, serial_curves,
          eino_curves_02, eino_curves_02, eino_curves_04, enter_bailey_3,
          amcnicky_mini_pool_small, nicolae_shop_i_like_big_books,
          amcnicky_mini_rare_corridor_liquid, minmay_misc_feat_rugged,
          uniq_prince_ribbit1, uniq_maggie
D:8:      layout_basic, grunt_dithmenos_smoke_and_mirrors,
          lightli_church_of_beogh, uniq_joseph, uniq_erica, uniq_maurice
D:9:      layout_big_octagon, makhleb_altar_promises_db, hiddenorc2_lemuel,
          serial_bayou_lagoon_a, uniq_harold
D:10:     layout_roguey, serial_rivers, chequers_serial_rivers_room_a,
          chequers_serial_rivers_room_b, chequers_serial_rivers_room_b,
          chequers_serial_rivers_room_b, chequers_serial_rivers_micro_e,
          chequers_serial_rivers_micro_c
D:11:     layout_long_grid, minmay_lair_entry_lava, serial_ice, serial_ice_l,
          serial_ice_g, serial_ice_a, serial_ice_o,
          portal_ice_cave_entry_ice_simulacra, hex_tiny
Temple:   nicolae_temple_x_marks_the_god
IceCv:    ice_cave_tombish

Skill      XL: |  1  2  3  4  5  6  7  8  9 10 11 |
---------------+----------------------------------+-----
Earth Magic    | 3 4 5 6 7 8 9 |  9.4
Conjurations   | 1 3 4 6 7 9 10 | 10.5
Spellcasting   | 3 4 5 6 7 8 |  8.5
Fire Magic     | 9 10 | 10.4
Dodging        | |  1.7
Stealth        | |  1.7
Transmutations | |  0.8

Action                     |  1- 3 |  4- 6 |  7- 9 | 10-12 || total
---------------------------+-------+-------+-------+-------++-------
  Melee: Unarmed           |    63 |     1 |     3 |     5 ||    72
         Punch             |     1 |       |       |       ||     1
         Staff             |       |       |       |     2 ||     2
  Throw: Dart              |       |       |       |     6 ||     6
         Throwing net      |       |       |       |     1 ||     1
   Cast: Sandblast         |    39 |    97 |    72 |    73 ||   281
         Stone Arrow       |       |       |    61 |   108 ||   169
         Fireball          |       |       |       |    59 ||    59
    Use: Potion            |       |     1 |     1 |     1 ||     3
         Scroll            |       |       |    10 |     2 ||    12
   Stab: Sleeping          |     2 |       |       |       ||     2
 Armour: Robe              |    22 |    12 |    28 |    50 ||   112
  Dodge: Dodged            |    49 |    19 |    68 |    83 ||   219

Table legend: (Time is in decaauts)
 A = Elapsed time spent in this place.
 B = Non-inter-level travel time spent in this place.
 C = Inter-level travel time spent in this place.
 D = Time resting spent in this place.
 E = Time spent auto-exploring this place.
 F = Levels seen in this place.
 G = Mean time per level.
                   A        B        C        D        E       F      G
               +--------+--------+--------+--------+--------+-----+--------+
         Total |  12122 |  11653 |    469 |     71 |   9510 |  14 |  865.9 |
       Dungeon |  10554 |  10092 |    462 |     29 |   8356 |  11 |  959.5 |
        Temple |     70 |     63 |      7 |      0 |     44 |   1 |   70.0 |
        Bailey |    577 |    577 |      0 |      0 |    426 |   1 |  577.0 |
      Ice Cave |    920 |    920 |      0 |     42 |    683 |   1 |  920.0 |
               +--------+--------+--------+--------+--------+-----+--------+

Top non-repeatable levels by time:
     D:8: 1505 daAuts
     D:3: 1312 daAuts
     D:1: 1231 daAuts
     D:5: 1197 daAuts
     D:4: 1012 daAuts
   IceCv: 920 daAuts
     D:2: 879 daAuts
     D:9: 855 daAuts
     D:7: 841 daAuts
     D:6: 815 daAuts
    D:10: 770 daAuts
  Bailey: 577 daAuts
    D:11: 133 daAuts
  Temple: 70 daAuts
